Map: Astillero orbital

Players

xXkazperXx - Winner!

  • Race: Zerg Zerg
  • League: Bronze

RANURA DE IA (Muy fácil)

  • Race: Protoss Protoss

VOD

Have the link to the VOD?

Description

Time

  • Played on: April 2, 2016, 8:34 a.m.
  • Length: 4:31
Show
View Real Time Build Order
Export as new Build Order

xXkazperXx Zerg - Winner!

Build Orders: Pool Only 

Get SALT Encoding   

  12  0:01  Drone  
  13  0:14  Overlord  
  13  0:18  Drone  
  14  0:38  Spawning Pool  
  14  0:40  Drone  
  14  0:41  Drone  
  15  0:50  Extractor  
  15  0:54  Drone x2  
  16  1:25  Zergling x6  
  19  1:26  Queen  
  21  1:39  Zergling x2  
  22  1:53  Overlord  
  22  1:58  Metabolic Boost  
  22  2:21  Zergling x6  
  25  2:28  Extractor  
  21  3:01  Zergling x6  
  21  3:02  Zergling x4  
  25  3:18  Zergling x2  
Show
View Real Time Build Order
Export as new Build Order

RANURA DE IA (Muy fácil) Protoss 

Build Orders:  

Get SALT Encoding   

  12  0:01  Probe (Chrono Boost)  
  13  0:11  Probe (Chrono Boost)  
  14  0:20  Pylon  
  14  0:36  Assimilator  
  14  0:42  Gateway  
  14  0:45  Pylon  
  14  1:14  Assimilator  
  14  1:27  Probe (Chrono Boost), Zealot  
  17  1:34  Cybernetics Core  
  17  1:39  Probe (Chrono Boost)  
  18  1:49  Probe (Chrono Boost)  
  19  2:00  Probe (Chrono Boost)  
  20  2:01  Warp Gate  
  20  2:11  Probe (Chrono Boost)  
  22  2:23  Probe (Chrono Boost)  
  22  2:40  Pylon  
  22  2:59  Pylon  
  22  3:28  Pylon  
  22  3:37  Probe (Chrono Boost)  
  22  3:48  Probe (Chrono Boost)  
  21  3:58  Probe (Chrono Boost)  
  22  4:09  Pylon  
  19  4:11  Probe (Chrono Boost)  
Tags
 
Add a new tag
Caveats
  • Supply blocks, unpowered buildings, or Contaminate may cause inaccurate times.
  • Supply counts are checked every 10 seconds.